 Dungeon Crawl Stone Soup version 0.22-a0-322-g60b3cfd (webtiles) character file.

1130 xccam the Charlatan (level 8, -2/63 HPs)
             Began as a Gnoll Wanderer on Apr 3, 2018.
             Succumbed to an orc wizard's poison
             ... on level 5 of the Dungeon.
             The game lasted 00:10:54 (5337 turns).

xccam the Charlatan (Gnoll Wanderer)                Turns: 5337, Time: 00:10:55

Health: -2/63      AC: 10    Str: 13    XL:     8   Next: 36%
Magic:  12/12      EV: 13    Int: 19    God:
Gold:   233        SH:  4    Dex: 19    Spells: 13/13 levels left

rFire    . . .     SeeInvis +   s - +2 spear (pierce)
rCold    . . .     Gourm    .   (no shield)
rNeg     . . .     Faith    .   a - +0 chain mail
rPois    .         Spirit   .   g - +0 helmet
rElec    +         Reflect  +   (no cloak)
rCorr    .         Harm     .   (no gloves)
MR       .....                  (no boots)
Stlth    +.........             l - +4 amulet of reflection
HPRegen  0.20/turn              (no ring)
MPRegen  0.13/turn              (no ring)

@: agile, lethally poisoned (-2 -> -55)
A: distributed training, fangs 1, see invisible, blink, electricity resistance,
strong nose
a: Blink


You were on level 5 of the Dungeon.
You were hungry.

You visited 2 branches of the dungeon, and saw 6 of its levels.

You collected 233 gold pieces.

Inventory:

Hand Weapons
 d - a +0 falchion
 s - a +2 spear of piercing (weapon)
 u - a +1 flail of crushing
 y - a +0 war axe
 B - a +1 whip of flaming
Missiles
 o - 8 tomahawks (quivered)
Armour
 a - a +0 chain mail (worn)
 g - a +0 helmet (worn)
Jewellery
 l - a +4 amulet of reflection (around neck)
 w - an uncursed amulet of rage
 x - an uncursed amulet of faith
Scrolls
 e - a scroll of enchant armour {unknown}
 h - 2 scrolls of immolation {unknown}
 j - a scroll of teleportation
 k - a scroll of magic mapping {unknown}
 m - a scroll of enchant weapon {unknown}
 n - a scroll of remove curse
 r - 2 scrolls of fear {unknown}
 A - a scroll of amnesia {unknown}
 C - 2 scrolls of blinking {unknown}
Potions
 b - a potion of haste
 i - a potion of resistance
 p - 2 potions of brilliance
 q - 2 potions of berserk rage
 t - a potion of flight
 z - a potion of mutation
Comestibles
 c - a chunk of flesh
 f - 5 rations


   Skills:
 + Level 5.6 Fighting
 + Level 3.1 Short Blades
 + Level 5.6 Long Blades
 + Level 3.1 Axes
 + Level 3.1 Maces & Flails
 + Level 3.1 Polearms
 + Level 4.1 Staves
 + Level 3.1 Slings
 + Level 3.1 Bows
 + Level 3.1 Crossbows
 + Level 3.1 Throwing
 + Level 3.1 Armour
 + Level 5.6 Dodging
 + Level 4.0 Stealth
 + Level 3.1 Shields
 + Level 3.1 Unarmed Combat
 + Level 3.1 Spellcasting
 + Level 2.5 Conjurations
 + Level 2.5 Hexes
 + Level 2.5 Charms
 + Level 2.5 Summonings
 + Level 2.5 Necromancy
 + Level 2.5 Translocations
 + Level 2.5 Transmutations
 + Level 2.5 Fire Magic
 + Level 2.5 Ice Magic
 + Level 2.5 Air Magic
 + Level 2.5 Earth Magic
 + Level 2.5 Poison Magic
 + Level 3.4 Invocations
 + Level 5.6 Evocations


You had 13 spell levels left.
You didn't know any spells.

Dungeon Overview and Level Annotations

Branches:
Dungeon (5/15)             Temple (1/1) D:5

Altars:
Elyvilon
Fedhas
Makhleb
Ru
Trog
Vehumet
Wu Jian
Xom
Zin
Lugonu


Innate Abilities, Weirdness & Mutations

Your experience applies equally to all skills.
You have very sharp teeth.
Your uncanny sense of smell can sniff out nearby items.
You have supernaturally acute eyesight. (SInv)
You can translocate small distances at will.
You are resistant to electric shocks. (rElec)


Message History

You feel very sick. Something hits you but does no damage.
You are more poisoned.
You hit something but do no damage.
* * * LOW HITPOINT WARNING * * *
You feel very sick.
You hear some strange, mumbled words.
A puff of flame appears from out of thin air!
The puff of flame hits you!
* * * LOW HITPOINT WARNING * * *
It was a potion of mutation.
You feel extremely strange.
You feel jittery.
Your vision sharpens.
Reactivating autopickup.
You feel insulated.
* * * LOW HITPOINT WARNING * * *
You feel very sick. The orc wizard barely misses you.
It was a potion of agility.
You feel agile all of a sudden.
You die...

∆ ..# ..#.##.#
#.# ####.....
#.# ####.# #.#
#.# #.# #.# #.#
..# #)# ### #o#
#.. #@# #.#
####.####
...####.#
#.......#
.........
#.#####.####
######.# #.#
#....########.#
#.#
#..#..........#
#.#
#....##########
#.#####.####
#.......#


You could see an orc wizard (invisible).

Vanquished Creatures
  Pikel (D:4)
  Sigmund (D:2)
  A bullfrog (D:4)
  A howler monkey (D:5)
  A crimson imp (D:5)
  4 orc priests
  Jessica (D:2)
  An iguana (D:5)
  8 adders
  2 oozes (D:3)
  A worm (D:4)
  5 dart slugs
  5 leopard geckos
  5 orcs
  A ball python (D:2)
  7 bats
  2 giant cockroaches
  10 goblins
  11 hobgoblins
  21 jackals
  10 kobolds
  4 quokkas
  8 frilled lizards
  A quokka skeleton (D:4)
  11 rats
123 creatures vanquished.

Notes
Turn   | Place    | Note
-------+----------+-------------------------------------------
     0 | D:1      | xccam the Gnoll Wanderer began the quest for the Orb.
     0 | D:1      | xccam set off with: a +2 dagger, a potion of berserk rage, a +0 spear, a +0 falchion, a +0 robe, a ration
     0 | D:1      | Reached XP level 1. HP: 20/20 MP: 3/3
    72 | D:1      | Reached XP level 2. HP: 10/26 MP: 5/5
   706 | D:1      | Reached XP level 3. HP: 15/31 MP: 6/6
  1293 | D:1      | Reached skill level 1 in Invocations
  1696 | D:2      | Reached skill level 1 in Short Blades
  1696 | D:2      | Reached skill level 1 in Axes
  1696 | D:2      | Reached skill level 1 in Maces & Flails
  1696 | D:2      | Reached skill level 1 in Polearms
  1696 | D:2      | Reached skill level 1 in Slings
  1696 | D:2      | Reached skill level 1 in Bows
  1696 | D:2      | Reached skill level 1 in Crossbows
  1696 | D:2      | Reached skill level 1 in Throwing
  1696 | D:2      | Reached skill level 1 in Armour
  1696 | D:2      | Reached skill level 1 in Shields
  1696 | D:2      | Reached skill level 1 in Unarmed Combat
  1696 | D:2      | Reached skill level 1 in Spellcasting
  1696 | D:2      | Reached XP level 4. HP: 38/38 MP: 7/7
  1706 | D:2      | Noticed Jessica
  1717 | D:2      | Killed Jessica
  1722 | D:2      | Noticed Sigmund
  1750 | D:2      | Killed Sigmund
  1750 | D:2      | Reached skill level 1 in Conjurations
  1750 | D:2      | Reached skill level 1 in Hexes
  1750 | D:2      | Reached skill level 1 in Charms
  1750 | D:2      | Reached skill level 1 in Summonings
  1750 | D:2      | Reached skill level 1 in Necromancy
  1750 | D:2      | Reached skill level 1 in Translocations
  1750 | D:2      | Reached skill level 1 in Transmutations
  1750 | D:2      | Reached skill level 1 in Fire Magic
  1750 | D:2      | Reached skill level 1 in Ice Magic
  1750 | D:2      | Reached skill level 1 in Air Magic
  1750 | D:2      | Reached skill level 1 in Earth Magic
  1750 | D:2      | Reached skill level 1 in Poison Magic
  1750 | D:2      | Reached XP level 5. HP: 5/43 MP: 8/8
  1750 | D:2      | Reached XP level 6. HP: 6/50 MP: 9/9
  2830 | D:3      | Found a blossoming altar of Fedhas.
  2938 | D:3      | Reached skill level 5 in Fighting
  2938 | D:3      | Reached skill level 5 in Long Blades
  2938 | D:3      | Reached skill level 5 in Dodging
  2938 | D:3      | Reached skill level 5 in Evocations
  4083 | D:4      | Found a shimmering altar of Xom.
  4096 | D:4      | Reached XP level 7. HP: 18/56 MP: 10/10
  4347 | D:4      | Noticed Pikel
  4382 | D:4      | Killed Pikel
  4382 | D:4      | Reached XP level 8. HP: 19/63 MP: 10/12
  4826 | D:5      | Entered Level 5 of the Dungeon
  4843 | D:5      | Found a staircase to the Ecumenical Temple.
  4848 | Temple   | Entered the Ecumenical Temple
  4975 | D:5      | Found a white marble altar of Elyvilon.
  5073 | D:5      | Found a blossoming altar of Fedhas.
  5336 | D:5      | Gained mutation: You can translocate small distances at will. [potion of mutation]
  5336 | D:5      | Gained mutation: You have supernaturally acute eyesight. (SInv) [potion of mutation]
  5336 | D:5      | Gained mutation: You are resistant to electric shocks. (rElec) [potion of mutation]
  5336 | D:5      | HP: 2/63 [poisoned by an orc wizard]
  5337 | D:5      | Succumbed to an orc wizard's poison

Vault maps used:
D:1:      dpeg_arrival_morbid_curiosity, minmay_vboxes
D:2:      serial_glass, glass_columns_a, glass_columns_a,
          minmay_misc_feat_square, feat_on_display, uniq_jessica, uniq_sigmund
D:3:      fedhas_altar_2
D:4:      xom_teletrap_fun, first_ration, uniq_pikel
D:5:      elyvilon_altar_1, minmay_temple_entry_grid, basic_altar
Temple:   kb_corrupted_temple

Skill      XL: |  1  2  3  4  5  6  7  8 |
---------------+-------------------------+-----
Invocations    | 1 2 3 |  3.4
Short Blades   | 1 2 3 |  3.1
Axes           | 1 2 3 |  3.1
Maces & Flails | 1 2 3 |  3.1
Polearms       | 1 2 3 |  3.1
Slings         | 1 2 3 |  3.1
Bows           | 1 2 3 |  3.1
Crossbows      | 1 2 3 |  3.1
Throwing       | 1 2 3 |  3.1
Armour         | 1 2 3 |  3.1
Shields        | 1 2 3 |  3.1
Unarmed Combat | 1 2 3 |  3.1
Spellcasting   | 1 2 3 |  3.1
Staves         | 3 4 |  4.1
Stealth        | 3 4 |  4.0
Conjurations   | 1 2 |  2.5
Hexes          | 1 2 |  2.5
Charms         | 1 2 |  2.5
Summonings     | 1 2 |  2.5
Necromancy     | 1 2 |  2.5
Translocations | 1 2 |  2.5
Transmutations | 1 2 |  2.5
Fire Magic     | 1 2 |  2.5
Ice Magic      | 1 2 |  2.5
Air Magic      | 1 2 |  2.5
Earth Magic    | 1 2 |  2.5
Poison Magic   | 1 2 |  2.5
Fighting       | 5 |  5.6
Long Blades    | 5 |  5.6
Dodging        | 5 |  5.6
Evocations     | 5 |  5.6

Action                   |  1- 3 |  4- 6 |  7- 9 || total
-------------------------+-------+-------+-------++-------
Melee: Falchion          |   119 |    76 |       ||   195
       Bite              |    10 |    23 |    12 ||    45
       Spear             |       |   162 |    98 ||   260
       Punch             |       |     1 |       ||     1
       Whip              |       |       |     2 ||     2
  Use: Potion            |       |     1 |     3 ||     4
       Scroll            |       |     8 |     1 ||     9
 Stab: Sleeping          |     2 |     3 |       ||     5
  Eat: Chunk             |     3 |     7 |     4 ||    14
Armor: Ring mail         |    35 |    35 |       ||    70
       Robe              |     2 |       |       ||     2
       Scale mail        |       |    22 |     5 ||    27
       Chain mail        |       |       |    15 ||    15
Dodge: Dodged            |    79 |   127 |    24 ||   230
Block: Other             |     5 |    42 |    13 ||    60
       Rpst.: Falchion   |    24 |    24 |       ||    48

Table legend:
 A = Spawn XP
 B = Non-spawn XP
 C = Spawn XP percentage of total XP
 D = Spawn monster count
 E = Non-spawn monster count
 F = Spawn count percentage of total count
 G = Total turns spent on level
                    A         B        C        D         E        F      G
               +---------+---------+-------+---------+---------+-------+---------
         Total |       0 |    1615 |   0.0 |       0 |     123 |   0.0 |  5337
               +---------+---------+-------+---------+---------+-------+---------
           D:1 |       0 |      70 |   0.0 |       0 |      38 |   0.0 |  1687
           D:2 |       0 |     329 |   0.0 |       0 |      28 |   0.0 |  1017
           D:3 |       0 |     112 |   0.0 |       0 |      30 |   0.0 |   944
           D:4 |       0 |     866 |   0.0 |       0 |      19 |   0.0 |  1178
           D:5 |       0 |     238 |   0.0 |       0 |       8 |   0.0 |   428
               +---------+---------+-------+---------+---------+-------+---------
